 Dungeon Crawl Stone Soup version 0.30-a0-269-gf0224bf7b6 (webtiles) character file.

Game seed: 10658334421298913938

1257 Lobster4 the Covered (level 8, -8/72 HPs)
             Began as an Armataur Fighter on Oct 14, 2022.
             Mangled by a manticore (10 damage)
             ... on level 7 of the Dungeon.
             The game lasted 00:15:48 (5488 turns).

Lobster4 the Covered (Armataur Fighter)             Turns: 5488, Time: 00:15:49

Health: -8/72      AC: 10    Str: 24    XL:     8   Next: 26%
Magic:  8/8        EV:  6    Int:  8    God:
Gold:   301        SH:  0    Dex: 10    Spells: 7/7 levels left

rFire   . . .      SeeInvis .    a - +3 whip (vamp)
rCold   . . .      Faith    .    c - +0 buckler
rNeg    + . .      Spirit   .    q - +0 chain mail
rPois   .          Reflect  +    B - +0 helmet
rElec   .          Harm     .    (no cloak)
rCorr   .          Roll     +    (no gloves)
Will    .....                    (no barding)
Stlth   ..........               G - amulet of reflection
HPRegen 0.32/turn                i - ring of positive energy
MPRegen 0.11/turn                (no ring)

@: confused, ambrosia-drunk
A: large, rugged brown scales 3, deformed body, armoured tail, roll, long
tongue, awkward tongue
a: no special abilities


You were on level 7 of the Dungeon.
You visited 1 branch of the dungeon, and saw 7 of its levels.

You collected 301 gold pieces.

Inventory:

Hand Weapons
 a - a +3 vampiric whip (weapon)
 b - a +0 sling
 l - a +0 long sword
 s - a +0 war axe
 u - a +3 whip
 y - the +2 spear of Pautzed {drain, rF+ Int+4}
   (You found it on level 4 of the Dungeon)

   A truly terrible weapon, it drains the life of any living foe it strikes.
   Int:       It affects your intelligence (+4).
   rF:        It protects you from fire.
 H - a +1 flail
Missiles
 n - 3 boomerangs
 r - 6 poisoned darts
 v - 2 throwing nets
Armour
 c - a +0 buckler (worn)
 k - a +0 scale mail
 q - a +0 chain mail (worn)
 x - a +0 leather armour of fire resistance
 B - a +0 helmet (worn)
Jewellery
 i - a ring of positive energy (left hand)
 D - a ring of ice
 G - an amulet of reflection (around neck)
Wands
 p - a wand of flame (3)
Scrolls
 d - 3 scrolls of teleportation
 f - 2 scrolls of enchant weapon
 g - a scroll of enchant armour
 m - 2 scrolls of amnesia
 z - a scroll of blinking {unknown}
 A - a scroll of fog {unknown}
 C - a scroll of fear {unknown}
 E - a scroll of brand weapon {unknown}
 F - 2 scrolls of magic mapping {unknown}
 I - a scroll of identify
Potions
 h - 3 potions of curing {unknown}
 j - a potion of attraction
 o - a potion of brilliance
 t - a potion of might
 w - a potion of flight
 J - a potion of lignification {unknown}


   Skills:
 + Level 5.2 Fighting
 - Level 2.2 Long Blades
 - Level 2.0 Maces & Flails
 + Level 1.9 Polearms
 + Level 6.8 Armour
 + Level 6.4 Shields
 - Level 3.0 Evocations


You had 7 spell levels left.
You didn't know any spells.
Your spell library contained the following spells:

 Spells                   Type           Power      Damage    Failure   Level
 Beastly Appendage        Tmut           0%         N/A       97%         1
 Slow                     Hex            0%         N/A       97%         1
 Wereblood                Tmut           0%         N/A       99%         2
 Confusing Touch          Hex            0%         N/A       100%        3
 Spider Form              Tmut/Pois      0%         N/A       100%        3
 Vampiric Draining        Necr           0%         2d6       100%        3


Dungeon Overview and Level Annotations

Branches:
Dungeon (7/15)
 Temple: D:4-7

Altars:

Shops:
D:4 [

Annotations:
D:3 2 runed translucent doors, 1 exclusion, Low2's ghost, weakling OgGl


Innate Abilities, Weirdness & Mutations

You are completely covered in rugged brown scales. (AC +3, +7% HP)
Armour fits poorly on your strangely shaped body.
You have a long armoured tail.
You roll when moving toward enemies. (Rampage)
Your long tongue fully drains potion bottles. (2x potion effects)
Your tongue gives you trouble enunciating. (1.5x scroll delay)


Message History

The manticore completely misses you.
You hit the manticore.
You feel better.
Your tail-slap misses the manticore.
The manticore is moderately wounded.
The manticore closely misses you. You block the manticore's attack.
The manticore barely misses you.
You hit the manticore.
The manticore is moderately wounded.
The manticore bites you! The manticore completely misses you.
The manticore claws you.
The white imp lashes its tail.
You hit the manticore.
You feel better.
The manticore is moderately wounded.
The manticore bites you. The manticore claws you.
You block the manticore's attack.
You whack the manticore!
The manticore is heavily wounded.
The manticore bites you!
The manticore claws you but does no damage.
The manticore claws you.
You hit the manticore.
You feel better.
The manticore is heavily wounded.
You block the manticore's attack. The manticore barely misses you.
The manticore claws you!
You barely miss the manticore.
The manticore is heavily wounded.
The manticore bites you!
* * * LOW HITPOINT WARNING * * *
The manticore claws you but does no damage.
The manticore claws you.
* * * LOW HITPOINT WARNING * * *
You hit the manticore.
The manticore is severely wounded.
You block the manticore's attack. The manticore claws you.
* * * LOW HITPOINT WARNING * * *
You block the manticore's attack.
You are confused.
You feel invigorated. The manticore bites you!
* * * LOW HITPOINT WARNING * * *
The manticore claws you!
You die...

#..#####.[.#.
.#########.###....####
..............####
#..####.#######
.####.# ..##.# #.##.#
##.####)#..######## #
.> ....JgH@!..........
##..
##...5##.########## #
.... #...# #..# # ....
..# ##.# # .... . .# #
.... .# # .... .# # .#
... # ....#


You could see a manticore, a jelly, a gnoll and a white imp.

Vanquished Creatures
  An ice beast (D:3)
  A black bear (D:6)
  2 centaurs
  A bullfrog (D:5)
  A kobold brigand (D:7)
  A scorpion (D:6)
  A howler monkey (D:6)
  2 jellies
  3 hounds
  An orc priest (D:5)
  A gnoll bouda (D:7)
  2 iguanas (D:5)
  An orc wizard (D:5)
  Natasha (thrice) (D:2)
  Terence (D:2)
  18 gnolls
  9 adders
  A white imp (D:5)
  A dart slug (D:4)
  13 orcs
  6 ball pythons
  6 bats
  2 endoplasms
  2 giant cockroaches
  3 goblins
  2 hobgoblins
  4 jackals (D:1)
  11 kobolds
  2 quokkas
  2 frilled lizards
  2 rats
106 creatures vanquished.

Vanquished Creatures (others)
  An orc wizard (D:5)
  6 plants (D:5)
7 creatures vanquished.

Grand Total: 113 creatures vanquished

Notes
Turn   | Place    | Note
-------+----------+-------------------------------------------
     0 | D:1      | Lobster4 the Armataur Fighter began the quest for the Orb.
     0 | D:1      | Reached XP level 1. HP: 19/19 MP: 1/1
   158 | D:1      | Reached XP level 2. HP: 3/26 MP: 2/2
   751 | D:2      | Reached XP level 3. HP: 33/33 MP: 3/3
   959 | D:2      | Noticed Terence
   973 | D:2      | Killed Terence
  1214 | D:2      | Noticed Natasha
  1222 | D:2      | Killed Natasha
  1223 | D:2      | Reached XP level 4. HP: 25/40 MP: 4/4
  1514 | D:2      | Noticed Natasha
  1524 | D:2      | Killed Natasha
  1525 | D:2      | Reached skill level 1 in Maces & Flails
  1636 | D:2      | Noticed Natasha
  1653 | D:2      | Killed Natasha
  1654 | D:2      | Reached XP level 5. HP: 31/48 MP: 5/5
  1913 | D:3      | Noticed an ice beast
  2149 | D:3      | Found a large runed translucent door.
  2149 | D:3      | Found a large runed translucent door.
  2153 | D:3      | Noticed Low2's ghost (weakling OgGl)
  2293 | D:3      | Killed an ice beast
  2294 | D:3      | Reached skill level 5 in Armour
  2294 | D:3      | Reached skill level 1 in Evocations
  2387 | D:3      | Reached XP level 6. HP: 52/55 MP: 6/6
  2666 | D:4      | You fall into a shaft and drop 2 floors!
  2707 | D:6      | Reached skill level 5 in Shields
  2969 | D:5      | Entered Level 5 of the Dungeon
  3105 | D:5      | Reached XP level 7. HP: 55/63 MP: 7/7
  3621 | D:4      | Identified the +2 spear of Pautzed {drain, rF+ Int+4}
  3633 | D:4      | Found Merunwoi's Armour Shop.
  4618 | D:6      | Reached skill level 1 in Polearms
  4618 | D:6      | Reached XP level 8. HP: 61/71 MP: 8/8
  4687 | D:6      | Reached skill level 5 in Fighting
  5299 | D:7      | Noticed a gargoyle
  5471 | D:7      | Noticed a manticore
  5488 | D:7      | HP: 2/72 [manticore (12)]
  5488 | D:7      | Mangled by a manticore

Illustrated notes

Levels and vault maps discovered:
D:1:      minmay_arrival_checkered_box, layout_loops_ring
D:2:      layout_loops_ring, uniq_natasha, uniq_terence
D:3:      layout_loops_ring, ebering_ghost_disaster_area, minmay_misc_feat_chi,
          minmay_misc_feat_encased, kennysheep_flooded_box
D:4:      layout_rooms, serial_shops, nicolae_shop_trees,
          amcnicky_mini_pool_small, chequers_big_river
D:5:      layout_loops_ring, serial_bayou_pond_c, minmay_strange_pillars,
          grunt_decor_fettered
D:6:      layout_rooms
D:7:      layout_rooms, minmay_temple_entry_junction, minmay_manual_monstrance

Skill      XL: |  1  2  3  4  5  6  7  8 |
---------------+-------------------------+-----
Long Blades    | 2 |  2.2
Fighting       | 3 4 5 |  5.2
Armour         | 4 5 6 |  6.8
Shields        | 4 5 6 |  6.4
Maces & Flails | 1 2 |  2.0
Evocations     | 1 2 3 |  3.0
Polearms       | 1 |  1.9

Action                   |  1- 3 |  4- 6 |  7- 9 || total
-------------------------+-------+-------+-------++-------
Melee: Long sword        |    81 |       |       ||    81
       Tailslap          |    14 |    15 |    33 ||    62
       Flail             |    22 |    66 |       ||    88
       Whip              |       |    45 |   211 ||   256
 Fire: Sling             |       |     5 |       ||     5
Evoke: Wand              |       |     9 |       ||     9
  Use: Potion            |     1 |       |     1 ||     2
       Scroll            |       |     8 |     1 ||     9
Armor: Scale mail        |    67 |     4 |       ||    71
       Chain mail        |       |    53 |   104 ||   157
Dodge: Dodged            |    54 |    37 |    57 ||   148
Block: Buckler           |    32 |    31 |    82 ||   145
       Reflection        |       |       |     1 ||     1

Table legend: (Time is in decaauts)
 A = Elapsed time spent in this place.
 B = Non-inter-level travel time spent in this place.
 C = Inter-level travel time spent in this place.
 D = Time resting spent in this place.
 E = Time spent auto-exploring this place.
 F = Levels seen in this place.
 G = Mean time per level.
                   A        B        C        D        E       F      G
               +--------+--------+--------+--------+--------+-----+--------+
         Total |   5604 |   5416 |    188 |    978 |   3327 |   7 |  800.6 |
       Dungeon |   5604 |   5416 |    188 |    978 |   3327 |   7 |  800.6 |
               +--------+--------+--------+--------+--------+-----+--------+

Top non-repeatable levels by time:
     D:2: 1273 daAuts
     D:5: 1131 daAuts
     D:6: 1058 daAuts
     D:3: 705 daAuts
     D:1: 644 daAuts
     D:4: 572 daAuts
     D:7: 216 daAuts
